 Dungeon Crawl Stone Soup version 0.22-a0-48-g8770677 (webtiles) character file.

7501 KristoblXynda the Carver (level 10, -22/73 HPs)
             Began as a Pale Draconian Gladiator on Jan 7, 2018.
             Was an Elder of Yredelemnul.
             Killed from afar by Erolcha (30 damage)
             ... with a crystal spear
             ... on level 9 of the Dungeon.
             The game lasted 00:25:37 (8907 turns).

KristoblXynda the Carver (Pale Draconian Gladiator) Turns: 8907, Time: 00:25:38

Health: -22/73     AC: 10    Str: 18    XL:     10   Next: 95%
Magic:  16/16      EV: 16    Int: 12    God:    Yredelemnul [****..]
Gold:   268        SH:  0    Dex: 13    Spells: 2/9 levels left

rFire    . . .     SeeInvis .   u - +0 scimitar (flame)
rCold    . . .     Gourm    .   (no shield)
rNeg     . . .     Faith    .   (armour unavailable)
rPois    +         Spirit   .   b - +0 hat
rElec    .         Reflect  .   G - +0 cloak
rCorr    +         Harm     .   i - +0 pair of gloves
MR       .....                  l - +0 pair of boots of the Little Devil {Str+2} (curse)
Stlth    +++.......             k - amulet of regeneration
HPRegen  0.62/turn              h - ring of resist corrosion
MPRegen  0.15/turn              E - ring of poison resistance

@: drained
A: breathe steam, unfitting armour, cold-blooded, AC +7
a: Breathe Steam, Recall Undead Slaves, Injury Mirror, Animate Dead, Drain Life,
Renounce Religion


You were on level 9 of the Dungeon.
You worshipped Yredelemnul.
Yredelemnul was greatly pleased with you.
You were hungry.

You visited 2 branches of the dungeon, and saw 10 of its levels.

You collected 683 gold pieces.
You spent 415 gold pieces at shops.

Inventory:

Hand Weapons
 u - a +0 scimitar of flaming (weapon)
Missiles
 e - 5 throwing nets (quivered)
Armour
 b - a +0 hat (worn)
 g - a scarf of cloud immunity
 i - a +0 pair of gloves (worn)
 l - the cursed +0 pair of boots of the Little Devil (worn) {Str+2}
   (You found it on level 9 of the Dungeon)

   It affects your strength (+2).
   It has a curse placed upon it.
 y - a +0 shield
 G - a +0 cloak (worn)
Jewellery
 h - a ring of resist corrosion (left hand)
 k - an amulet of regeneration (around neck)
 C - an uncursed ring of flight
 E - a ring of poison resistance (right hand)
Wands
 B - a wand of acid (3)
 F - a wand of digging (5)
Scrolls
 f - 2 scrolls of immolation
 j - 7 scrolls of remove curse
 m - a scroll of fog
 p - 6 scrolls of magic mapping
 s - 2 scrolls of amnesia
 t - a scroll of teleportation
Potions
 a - a potion of heal wounds {unknown}
 c - 5 potions of brilliance
 n - a potion of curing
 o - a potion of haste
 r - a potion of magic {unknown}
 w - a potion of agility
 x - 2 potions of flight
 z - a potion of might
 A - 2 potions of mutation
Books
 q - a book of Changes

   Spells                             Type                      Level
   a - Beastly Appendage              Transmutation                1
   b - Sticks to Snakes               Transmutation                2
   c - Spider Form                    Transmutation/Poison         3
   d - Ice Form                       Ice/Transmutation            4
   e - Blade Hands                    Transmutation                5
 D - a Grand Grimoire

   Spells                             Type                      Level
   a - Monstrous Menagerie            Summoning                    7
   b - Summon Greater Demon           Summoning                    7
   c - Malign Gateway                 Summoning/Translocation      7
   d - Summon Horrible Things         Summoning                    8
Comestibles
 d - 14 rations
 v - 3 chunks of flesh


   Skills:
 - Level 2.1(1.5) Fighting
 + Level 8.7(7.9) Long Blades
 - Level 3.2(2.5) Throwing
 + Level 8.0(7.2) Dodging
 + Level 7.5(6.7) Stealth
 + Level 8.2(7.4) Invocations
 + Level 5.9(5.2) Evocations


You had 2 spell levels left.
You knew the following spells:

 Your Spells              Type           Power        Failure   Level  Hunger
a - Malign Gateway        Summ/Tloc      #.........   100%        7    #######


Dungeon Overview and Level Annotations

Branches:
Dungeon (9/15)             Temple (1/1) D:4
   Lair: D:8-11         Orc: D:9-12

Altars:
Ashenzari
Cheibriados
Dithmenos
Elyvilon
Fedhas
Gozag
Hepliaklqana
Kikubaaqudgha
Makhleb
Nemelex Xobeh
Okawaru
Qazlal
Ru
Sif Muna
Trog
Uskayaw
Vehumet
Wu Jian
Xom
Yredelemnul
Zin
The Shining One

Shops:
D:7 =   D:9 *

Annotations:
D:8 2 transporters
D:9 Erolcha


Innate Abilities, Weirdness & Mutations

You can breathe blasts of scalding, opaque steam.
Your pale cyan-grey scales are hard. (AC +7)
You cannot fit into any form of body armour.
You are cold-blooded and may be slowed by cold attacks.


Message History

Erolcha is engulfed in a cloud of scalding steam.
Erolcha hits you with an enchanted giant club!!
* * * LOW HITPOINT WARNING * * *
Yredelemnul accepts your kill.
You feel a bit more experienced.
Okay, then.
Okay, then.
Something hits Erolcha.
Yredelemnul accepts your kill.
You feel a bit more experienced.
Erolcha is engulfed in a cloud of scalding steam.
There is an open door here.
You close the door.
Erolcha opens the door.
Yredelemnul accepts your kill.
You feel a bit more experienced.
You have got your breath back.
Erolcha casts a spell at you. The crystal spear hits you!
You die...
Your body rises from the dead as a mindless zombie.

########## #####
#[.......# ....#
#........# #########
....#
#........######.......[
....#
#........O...##........
....#
#.......(###Z##........
....# #.....@..#
#.§gZ.......
....#######........#
####.g......
....'....##........#
#........
....####..#.....)..#
#..!..... ....#
##.'........# #........
....# ###........#
#........ ....#
##+####### #........
....# #####.### #####
.#


You could see Erolcha.

Vanquished Creatures
  The ghost of gmonis the Basher, a novice MiBe of Trog (D:9)
  Erica (D:9)
  Maurice (D:9)
  The ghost of gmonis the Basher, an amateur MiBe of Trog (D:5)
  2 hornets
  Prince Ribbit (D:7)
  A hungry ghost (D:7)
  A water moccasin (D:5)
  An ice beast (D:5)
  An orc warrior (D:9)
  3 sky beasts
  A black bear (D:9)
  2 phantoms
  3 ogres
  4 centaurs
  A big kobold (D:7)
  4 bullfrogs
  A cyclops zombie (D:9)
  2 scorpions (D:4)
  6 killer bees (D:9)
  4 wights (D:8)
  3 howler monkeys
  3 crimson imps
  A quasit (D:8)
  2 centaur zombies
  2 jellies (D:5)
  A centaur skeleton (D:5)
  7 orc priests
  3 hounds
  5 orc wizards
  2 iguanas
  Terence (D:2)
  5 worker ants
  A killer bee zombie (D:6)
  Robin (D:4)
  4 gnolls
  10 adders
  2 shadow imps
  3 oozes
  An adder skeleton (D:4)
  A worm (D:5)
  5 dart slugs
  6 leopard geckos
  42 orcs
  9 bats
  4 giant cockroaches
  16 goblins
  16 hobgoblins
  6 jackals
  8 kobolds
  4 quokkas
  2 ball pythons (D:4)
  6 frilled lizards
  A jackal skeleton (D:7)
  2 orc zombies (D:7)
  A quokka skeleton (D:4)
  A quokka zombie (D:9)
  9 rats
  A fungus (D:5)
239 creatures vanquished.

Vanquished Creatures (collateral kills)
  The ghost of gmonis the Basher, a novice MiBe of Trog (D:8)
  A cyclops (D:9)
  Joseph (D:7)
  A wyvern (D:8)
  2 ice beasts
  A phantom (D:8)
  A centaur (D:7)
  2 bullfrogs
  A wyvern zombie (D:7)
  A water moccasin zombie (D:9)
  A crimson imp (D:8)
  A hound (D:7)
  2 gnolls (D:9)
  An adder (D:7)
  A leopard gecko (D:7)
  An orc (D:7)
  4 kobolds (D:7)
  A quokka (D:7)
24 creatures vanquished.

Vanquished Creatures (others)
  A human zombie (D:9)
  3 wights (D:9)
  A hound zombie (D:8)
  A mummy (D:9)
  A kobold zombie (D:7)
  6 orc zombies
13 creatures vanquished.

Grand Total: 276 creatures vanquished

Notes
Turn   | Place    | Note
-------+----------+-------------------------------------------
     0 | D:1      | KristoblXynda the Draconian Gladiator began the quest for the Orb.
     0 | D:1      | Reached XP level 1. HP: 17/17 MP: 1/1
   113 | D:1      | Reached XP level 2. HP: 23/24 MP: 2/2
   264 | D:1      | Reached XP level 3. HP: 23/29 MP: 3/3
   667 | D:2      | Found a basalt altar of Yredelemnul.
   685 | D:2      | Became a worshipper of Yredelemnul the Dark
   705 | D:2      | Noticed a bullfrog
   709 | D:2      | Noticed Terence
   741 | D:2      | Killed a bullfrog
   741 | D:2      | Reached XP level 4. HP: 24/36 MP: 4/4
   756 | D:2      | Killed Terence
   756 | D:2      | Reached XP level 5. HP: 11/41 MP: 5/5
  1661 | D:3      | Found a burning altar of Makhleb.
  1671 | D:3      | Reached * piety under Yredelemnul
  1671 | D:3      | Reached skill level 1 in Invocations
  1702 | D:3      | Reached skill level 1 in Stealth
  2072 | D:4      | Reached XP level 6. HP: 37/48 MP: 5/7
  2736 | D:4      | Found a staircase to the Ecumenical Temple.
  2760 | Temple   | Entered the Ecumenical Temple
  2983 | D:4      | Your scales start taking on a pale cyan-grey colour.
  2983 | D:4      | Reached XP level 7. HP: 55/55 MP: 8/8
  3065 | D:4      | Reached skill level 5 in Long Blades
  3161 | D:4      | Noticed Robin
  3162 | D:4      | Killed Robin
  3277 | D:4      | Reached ** piety under Yredelemnul
  3507 | D:5      | Entered Level 5 of the Dungeon
  3507 | D:5      | Found a blossoming altar of Fedhas.
  3507 | D:5      | Found a hide-covered altar of Uskayaw.
  3507 | D:5      | Noticed gmonis's ghost (amateur MiBe)
  3523 | D:5      | Killed gmonis's ghost
  3523 | D:5      | Reached skill level 5 in Dodging
  3604 | D:5      | Reached XP level 8. HP: 61/61 MP: 10/10
  3752 | D:5      | Found a glowing golden altar of the Shining One.
  4025 | D:5      | Reached skill level 5 in Invocations
  4727 | D:6      | Reached skill level 5 in Stealth
  4752 | D:6      | Reached XP level 9. HP: 36/67 MP: 13/13
  4828 | D:6      | Reached *** piety under Yredelemnul
  4846 | D:6      | Reached skill level 1 in Evocations
  5085 | D:6      | Received a gift from Yredelemnul (a wight)
  6061 | D:7      | Noticed Prince Ribbit
  6069 | D:7      | Killed Prince Ribbit
  6216 | D:7      | Found Vaodoj's Jewellery Emporium.
  6248 | D:7      | Received a gift from Yredelemnul (a mummy)
  6420 | D:7      | Learned a level 7 spell: Malign Gateway
  6500 | D:7      | Noticed Joseph
  6517 | D:7      | Killed Joseph
  6569 | D:7      | Found a sacrificial altar of Ru.
  6709 | D:7      | Paralysed by a hornet for 3 turns
  6732 | D:7      | HP: 3/67 [poisoned by a hornet]
  6738 | D:7      | HP: 3/67 [poisoned by a hornet]
  7132 | D:7      | Bought an uncursed ring of poison resistance for 200 gold pieces
  7311 | D:8      | Reached **** piety under Yredelemnul
  7313 | D:8      | Reached XP level 10. HP: 59/73 MP: 15/15
  7328 | D:8      | Noticed gmonis's ghost (novice MiBe)
  7346 | D:8      | Killed gmonis's ghost
  7670 | D:8      | Received a gift from Yredelemnul (a wight)
  7713 | D:8      | Found a transporter.
  7780 | D:8      | Found a transporter.
  8171 | D:9      | Noticed Erica
  8191 | D:9      | Killed Erica
  8191 | D:9      | Reached skill level 5 in Evocations
  8239 | D:9      | Noticed a cyclops
  8284 | D:9      | Your ally Erica died
  8287 | D:9      | Killed a cyclops
  8373 | D:9      | Found Ofen Aqo's Assorted Antiques.
  8392 | D:9      | Got a pair of scorched boots
  8399 | D:9      | Identified the cursed +0 pair of boots of the Little Devil {Str+2} (You found it on level 9 of the Dungeon)
  8403 | D:9      | Bought a scroll of identify for 46 gold pieces
  8403 | D:9      | Bought a shield for 103 gold pieces
  8403 | D:9      | Bought a smoky purple potion for 20 gold pieces
  8403 | D:9      | Bought a scroll of identify for 46 gold pieces
  8500 | D:9      | Received a gift from Yredelemnul (a wight)
  8538 | D:9      | Noticed gmonis's ghost (novice MiBe)
  8568 | D:9      | Killed gmonis's ghost
  8753 | D:9      | Noticed Maurice
  8770 | D:9      | Killed Maurice
  8892 | D:9      | Noticed Erolcha
  8907 | D:9      | Killed from afar by Erolcha

Vault maps used:
D:1:      minmay_arrival_stone_box
D:2:      lemuel_crystal_altar, uniq_terence
D:3:      makhleb_heckhound_becter, hex_tiny
D:4:      minmay_opposing_rooms, temple_statues, uniq_robin
D:5:      old_standard_altar, grunt_temple_overflow_open, first_ration,
          minmay_gold_behind_fungi, hex_large, feat_on_display
D:7:      nicolae_ru_path_of_blood, serial_shops, nicolae_shop_trees,
          minmay_checkerbox, uniq_prince_ribbit1, uniq_joseph
D:8:      gammafunk_steamed_eel
D:9:      serial_shops, shop, uniq_erica, uniq_maurice, uniq_erolcha
Temple:   eino_temple_rhombus

Skill      XL: |  1  2  3  4  5  6  7  8  9 10 |
---------------+-------------------------------+-----
Throwing       | 2 3 |  3.2
Dodging        | 3 4 5 6 7 8 |  8.0
Long Blades    | 4 5 6 7 8 |  8.7
Invocations    | 1 2 3 5 6 8 |  8.2
Stealth        | 1 2 3 5 6 7 |  7.5
Evocations     | 3 5 |  5.9
Fighting       | |  2.1

Action                   |  1- 3 |  4- 6 |  7- 9 | 10-12 || total
-------------------------+-------+-------+-------+-------++-------
Melee: Long sword        |   123 |   151 |   377 |    47 ||   698
       Tailslap          |    12 |    22 |    55 |    20 ||   109
       Scimitar          |       |       |       |    76 ||    76
Throw: Throwing net      |       |     3 |       |       ||     3
Invok: Animate Dead      |       |       |    10 |     5 ||    15
       Recall Undead Sla |       |       |       |     1 ||     1
 Abil: Breathe Steam     |       |       |    23 |    11 ||    34
  Use: Potion            |     4 |       |     1 |     6 ||    11
       Scroll            |     1 |     4 |    10 |     4 ||    19
 Stab: Sleeping          |       |     4 |     5 |     1 ||    10
       Held in net/web   |       |     1 |       |       ||     1
       Distracted        |       |       |     1 |       ||     1
  Eat: Chunk             |       |     4 |     6 |     1 ||    11
       Ration            |       |     1 |     4 |     2 ||     7
Armor: Skin              |    85 |    60 |   121 |    25 ||   291
Dodge: Dodged            |    99 |    93 |   366 |   107 ||   665
       Rpst.: Long sword |    32 |    32 |   106 |    12 ||   182
       Scimitar          |       |       |       |    17 ||    17

Table legend:
 A = Spawn XP
 B = Non-spawn XP
 C = Spawn XP percentage of total XP
 D = Spawn monster count
 E = Non-spawn monster count
 F = Spawn count percentage of total count
 G = Total turns spent on level
                    A         B        C        D         E        F      G
               +---------+---------+-------+---------+---------+-------+---------
         Total |       0 |   10717 |   0.0 |       0 |     259 |   0.0 |  8907
               +---------+---------+-------+---------+---------+-------+---------
           D:1 |       0 |      70 |   0.0 |       0 |      31 |   0.0 |   643
           D:2 |       0 |     189 |   0.0 |       0 |      22 |   0.0 |   764
           D:3 |       0 |      99 |   0.0 |       0 |      23 |   0.0 |   653
           D:4 |       0 |     680 |   0.0 |       0 |      41 |   0.0 |  1277
           D:5 |       0 |    1451 |   0.0 |       0 |      34 |   0.0 |  1121
           D:6 |       0 |     699 |   0.0 |       0 |      22 |   0.0 |  1109
           D:7 |       0 |    1948 |   0.0 |       0 |      39 |   0.0 |  1418
           D:8 |       0 |    1954 |   0.0 |       0 |      17 |   0.0 |   950
           D:9 |       0 |    3627 |   0.0 |       0 |      30 |   0.0 |   802
               +---------+---------+-------+---------+---------+-------+---------
